 Dungeon Crawl Stone Soup version 0.29-a0-359-g541a27f54d (webtiles) character file.

Game seed: 3205184115972907668

92 NinjaNoafa the Sneak (level 4, -1/27 HPs)
             Began as a Kobold Brigand on Apr 27, 2022.
             Slain by a gnoll
             ... wielding a +1 flail of protection
              (9 damage)
             ... on level 2 of the Dungeon.
             The game lasted 00:02:56 (2041 turns).

NinjaNoafa the Sneak (Kobold Brigand)               Turns: 2041, Time: 00:02:56

Health: -1/27      AC:  5    Str:  8    XL:     4   Next: 90%
Magic:  13/13      EV: 15    Int: 12    God:
Gold:   98         SH:  0    Dex: 23    Spells: 3/3 levels left

rFire   + . .      SeeInvis .   a - +2 dagger
rCold   + . .      Faith    .   (no shield)
rNeg    . . .      Spirit   .   g - +2 robe {rC+}
rPois   +          Reflect  .   (no helmet)
rElec   .          Harm     .   c - +0 cloak
rCorr   .          Rampage  .   (no gloves)
Will    .....                   (no boots)
Stlth   +++++.....              (no amulet)
HPRegen 0.09/turn               n - ring of Guuttiufi {*Slow rPois rF+ MP+9 Dex+5}
MPRegen 0.13/turn               (no ring)

@: no status effects
A: small, no large weapons, nightstalker 3
a: no special abilities


You were on level 2 of the Dungeon.
You visited 1 branch of the dungeon, and saw 2 of its levels.

You collected 98 gold pieces.

Inventory:

Hand Weapons
 a - a +2 dagger (weapon)
 f - a +0 dagger of electrocution
Missiles
 d - 9 poisoned darts (quivered)
 e - 2 curare-tipped darts
Armour
 b - a +0 robe
 c - a +0 cloak (worn)
 g - a +2 robe of cold resistance (worn)
Jewellery
 n - the ring of Guuttiufi (left hand) {*Slow rPois rF+ MP+9 Dex+5}
   (You found it on level 2 of the Dungeon)

   [ring of magical power]

   Dex:       It affects your dexterity (+5).
   rF:        It protects you from fire.
   rPois:     It protects you from poison.
   MP:        It affects your magic capacity (+9).
   *Slow:     It may slow you when you take damage.
Wands
 l - a wand of flame (17)
Scrolls
 j - a scroll of brand weapon {unknown}
Potions
 h - a potion of brilliance
 i - a potion of flight {unknown}
 k - a potion of might
 m - a potion of ambrosia


   Skills:
 + Level 2.5 Fighting
 + Level 3.0 Short Blades
 + Level 4.6 Throwing
 + Level 1.6 Dodging
 + Level 5.4 Stealth
 + Level 0.1 Evocations


You had 3 spell levels left.
You didn't know any spells.
Your spell library was empty.

Dungeon Overview and Level Annotations

Branches:
Dungeon (2/15)

Altars:


Innate Abilities, Weirdness & Mutations

You are small and have problems with some larger weapons.
You are completely attuned to the shadows.


Message History

The jackal barely misses you. The jackal attacks as you move away!
The jackal misses you.
You barely miss the jackal. The jackal misses you. x2
You hit the jackal.
The jackal is severely wounded.
The jackal completely misses you.
You hit the jackal.
You kill the jackal!
You hit the gnoll but do no damage.
The gnoll hits you with a +1 flail of protection.
You hit the gnoll.
The gnoll is lightly wounded.
The gnoll closely misses you.
You hit the gnoll.
The gnoll is moderately wounded.
The gnoll closely misses you.
You hit the gnoll but do no damage.
The gnoll is moderately wounded.
You barely miss the gnoll.
The gnoll is moderately wounded.
The gnoll misses you.
You hit the gnoll but do no damage.
The gnoll is moderately wounded.
The gnoll misses you.
You hit the gnoll but do no damage.
The gnoll is moderately wounded.
The gnoll hits you with a +1 flail of protection.
You hit the gnoll.
The gnoll is moderately wounded.
The gnoll misses you.
You barely miss the gnoll.
The gnoll is moderately wounded.
The gnoll hits you with a +1 flail of protection.
* * * LOW HITPOINT WARNING * * *
You hit the gnoll but do no damage.
The gnoll is moderately wounded.
You hit the gnoll. Your punch misses the gnoll.
The gnoll is severely wounded.
The gnoll hits you with a +1 flail of protection!
You die...

##...†.#.# ##.##
#..#.#
......>..####.###
#..#..
.........##.....#
#..#
#####..#.##.....#
..g##.#(##.....#
h##. #.#.##.....#
^. ###.##.)...#
#...###...$..
##### #@#####.
#g# #..hg.g#
#.#.##.# ...#.# #
## #..


You could see 2 gnolls and a jackal.

Vanquished Creatures
  Jessica (D:2)
  An adder (D:2)
  A gnoll (D:2)
  A worm (D:2)
  A dart slug (D:1)
  4 endoplasms
  3 giant cockroaches
  3 goblins
  4 hobgoblins
  5 jackals
  A quokka (D:1)
  5 ball pythons
  5 bats
  A frilled lizard (D:2)
  A kobold (D:1)
  5 rats
42 creatures vanquished.

Notes
Turn   | Place    | Note
-------+----------+-------------------------------------------
     0 | D:1      | NinjaNoafa the Kobold Brigand began the quest for the Orb.
     0 | D:1      | Reached XP level 1. HP: 12/12 MP: 1/1
   444 | D:1      | Reached XP level 2. HP: 18/18 MP: 2/2
   960 | D:1      | Reached XP level 3. HP: 22/22 MP: 3/3
  1414 | D:2      | Noticed Jessica
  1429 | D:2      | Killed Jessica
  1430 | D:2      | Reached XP level 4. HP: 25/27 MP: 4/4
  1849 | D:2      | Found a faded altar of an unknown god.
  1914 | D:2      | Identified the ring of Guuttiufi {*Slow rPois rF+ MP+9
                  | Dex+5}
  2041 | D:2      | Slain by a gnoll

Illustrated notes

Levels and vault maps discovered:
D:1:      eino_arrival_cavern_e, layout_basic
D:2:      layout_loops_cross, shapermc_ecumenical_altar_acropolis, minmay_puff,
          uniq_sigmund, uniq_jessica

Skill      XL: |  1  2  3  4 |
---------------+-------------+-----
Throwing       | 3 4 |  4.6
Short Blades   | 3 |  3.0
Fighting       | |  2.5
Dodging        | |  1.6
Stealth        | |  5.4
Evocations     | |  0.1

Action                   |  1- 3 |  4- 6 || total
-------------------------+-------+-------++-------
Melee: Dagger            |    73 |    54 ||   127
       Punch             |       |     2 ||     2
Throw: Dart              |    12 |     8 ||    20
  Use: Potion            |     5 |       ||     5
       Scroll            |     1 |     1 ||     2
 Stab: Sleeping          |    11 |     1 ||    12
Armor: Robe              |    20 |     8 ||    28
       Skin              |     5 |       ||     5
Dodge: Dodged            |    64 |    35 ||    99

Table legend: (Time is in decaauts)
 A = Elapsed time spent in this place.
 B = Non-inter-level travel time spent in this place.
 C = Inter-level travel time spent in this place.
 D = Time resting spent in this place.
 E = Time spent auto-exploring this place.
 F = Levels seen in this place.
 G = Mean time per level.
                   A        B        C        D        E       F      G
               +--------+--------+--------+--------+--------+-----+--------+
         Total |   2017 |   1990 |     27 |     30 |   1622 |   2 | 1008.5 |
       Dungeon |   2017 |   1990 |     27 |     30 |   1622 |   2 | 1008.5 |
               +--------+--------+--------+--------+--------+-----+--------+

Top non-repeatable levels by time:
     D:1: 1278 daAuts
     D:2: 738 daAuts
